 Dungeon Crawl Stone Soup version 0.18.1-48-g4cf74bf (webtiles) character file.

5 glosham the Ruffian (level 1, 0/22 HPs)
             Began as a Troll Abyssal Knight on Sept 2, 2016.
             Was a Follower of Lugonu.
             Slain by a thrashing horror (8 damage)
             ... on level 1 of the Abyss.
             The game lasted 00:01:04 (69 turns).

glosham the Ruffian (Troll Abyssal Knight)            Turns: 69, Time: 00:01:06

Health: 0/22       AC:  5    Str: 19    XL:     1   Next: 66%
Magic:  1/1        EV: 10    Int:  8    God:    Lugonu [*.....]
Gold:   12         SH:  0    Dex:  9    Spells: 0 memorised, 0 levels left

rFire  . . .     SeeInvis .       - Unarmed
rCold  . . .     Gourm    +     a - +0 robe
rNeg   . . .     Faith    .     (no shield)
rPois  .         Spirit   .     (helmet restricted)
rElec  .         Dismiss  .     (no cloak)
rCorr  .         Reflect  .     (gloves unavailable)
SustAt .         Harm     .     (boots unavailable)
MR     .....                    (no amulet)
Stlth  +.........               (no ring)
                                (no ring)

@: not resistant to hostile enchantments, very unstealthy
A: unfitting armour, claws 3, fast metabolism 3, gourmand, regeneration 2,
shaggy fur 1, tough skin 2
a: Depart the Abyss, Renounce Religion


You were on level 1 of the Abyss.
You worshipped Lugonu.
Lugonu was aware of your devotion.
You were not hungry.

You visited 0 branches of the dungeon, and saw 0 of its levels.
You visited the Abyss 1 time.

You collected 12 gold pieces.

Inventory:

Armour
 a - a +0 robe (worn)
Comestibles
 b - 2 bread rations


   Skills:
 - Level 2.4 Fighting
 - Level 1.9 Dodging
 + Level 2.5 Unarmed Combat
 - Level 1.5 Invocations


You couldn't memorise any spells.
You didn't know any spells.

Dungeon Overview and Level Annotations

Branches:
Dungeon (0/15)

Altars:


Innate Abilities, Weirdness & Mutations

You are too large for most types of armour.
You have claws for hands.
Your metabolism is lightning-fast.
You like to eat raw meat.
You heal very quickly.
You are covered in fur (AC +1).
You have very tough skin (AC +2).


Message History

Welcome, glosham the Troll Abyssal Knight.
Will you prevail where others failed? Will you find the Orb of Zot?
Lugonu says: Depart the Abyss and spread corruption, my servant! (use the ability menu to exit the Abyss) Press ? for a list of commands and other information.
Found a corrupted altar of Lugonu.
Found 16 arrows.
Found 12 gold pieces.
Found a robe.
You see here 12 gold pieces.
You now have 12 gold pieces.
Found 15 arrows.
An ufetubus comes into view.
The ufetubus moves out of view.
The ufetubus shouts!
The ufetubus hits you but does no damage.
The ufetubus barely misses you.
You scratch the ufetubus.
The ufetubus is severely wounded.
The ufetubus hits you.
The ufetubus hits you but does no damage.
A thrashing horror comes into view.
The ufetubus hits you but does no damage. x2
The ufetubus hits you. The ufetubus closely misses you.
You claw the ufetubus!
You kill the ufetubus!
The thrashing horror misses you. The thrashing horror tramples you.
You hold your ground!
The thrashing horror tramples you.
You stumble backwards!
The thrashing horror roars!
The thrashing horror tramples you!
You hold your ground!
The thrashing horror barely misses you.
A tentacled starspawn comes into view.
The thrashing horror barely misses you.
The thrashing horror closely misses you.
The thrashing horror roars!
The thrashing horror tramples you!
You die...

##.##.##.....##..
..#.....#....# .
#..#.##.X.#.#
#..#......# . # .
5 #...##..# ###
... #...#..##
#..##....##...#
#...##X..##.##
..#..@.##....#
#.....#...#..X#..
.##.#
##.#......#. #.
..##.#..#. ##.
.#### .. # .# #.


You could see a thrashing horror.

Vanquished Creatures
  An ufetubus (Abyss:1)
1 creature vanquished.

Notes
Turn   | Place    | Note
--------------------------------------------------------------
     0 | Abyss:1  | glosham the Troll Abyssal Knight began the quest for the Orb.
     0 | Abyss:1  | Reached XP level 1. HP: 22/22 MP: 1/1
    61 | Abyss:1  | Noticed a thrashing horror
    66 | Abyss:1  | Noticed a tentacled starspawn
    69 | Abyss:1  | Slain by a thrashing horror

Action                   || total
-------------------------++-------
Melee: Unarmed           ||     2
Armor: Robe              ||     4
Dodge: Dodged            ||     6

Table legend:
 A = Turns spent in this place as a percentage of turns spent in the entire game.
 B = Non-inter-level travel turns spent in this place as a percentage of non-inter-level travel turns spent in the entire game.
 C = Inter-level travel turns spent in this place as a percentage of turns spent in this place.
 D = Turns resting spent in this place as a percentage of non-inter-level travel turns spent in this place.
 E = Turns spent auto-exploring this place as a percentage of non-inter-level travel turns spent in this place.
 F = Non-inter-level travel turns spent in this place divided by the number of levels of this place that you've seen.
                   A       B       C       D       E      F
               +-------+-------+-------+-------+-------+----------------------
         Total | 100.0 | 100.0 |   0.0 |   0.0 |   0.0 |  71.0
         Abyss | 100.0 | 100.0 |   0.0 |   0.0 |   0.0 |  71.0
               +-------+-------+-------+-------+-------+----------------------

Table legend:
 A = Kills in this place as a percentage of kills in entire the game.
 B = Kills by you in this place as a percentage of kills by you in the entire game.
 C = Kills by friends in this place as a percentage of kills by friends in the entire game.
 D = Other kills in this place as a percentage of other kills in the entire game.
 E = Experience gained in this place as a percentage of experience gained in the entire game.
 F = Experience gained in this place divided by the number of levels of this place that you have seen.
                   A       B       C       D       E      F
               +-------+-------+-------+-------+-------+----------------------
         Total | 100.0 | 100.0 |  -nan |  -nan | 100.0 |   8.0
         Abyss | 100.0 | 100.0 |  -nan |  -nan | 100.0 |   8.0
               +-------+-------+-------+-------+-------+----------------------

Vault maps used:
